[Event "January 2 Early 2024"]
[Site "https://www.chess.com"]
[Date "2024.01.02"]
[Round "9"]
[White "Ferro, Mario"]
[Black "Nikulina, Alena"]
[Result "0-1"]
[Board "144"]
[TimeControl "180+1"]
[WhiteFideId "810290"]
[BlackFideId "4172051"]
[WhiteElo "2379"]
[BlackElo "2101"]
[WhiteTeam "ITA"]
[BlackTeam "RUS"]
[WhiteClock "0:00:00"]
[BlackClock "0:00:07"]

1. c4 e5 2. Nc3 Nf6 3. g3 c6 4. Bg2 d6 5. e4 Be7 6. Nge2 Be6 7. b3 Nbd7 8. d4 exd4 9. Nxd4 O-O 10. Nxe6 fxe6 11. O-O Qc7 12. Ba3 Rad8 13. Qc2 e5 14. Rad1 Rf7 15. Rd2 Nf8 16. Bh3 h5 17. Nd1 d5 18. Bxe7 Qxe7 19. cxd5 cxd5 20. exd5 Rxd5 21. Ne3 Rxd2 22. Qxd2 Ne4 23. Qd5 Ng5 24. Bg2 Kh8 25. Rc1 e4 26. Nf5 Qe6 27. Qxe6 Ngxe6 28. Bxe4 g6 29. Nh4 Kg7 30. Rc8 b6 31. f4 Nc5 32. Bd5 Rd7 33. Bf3 Nfe6 34. Ng2 Nd4 35. Kf2 Nd3+ 36. Ke3 Nxf3 37. Kxf3 Nc5 38. Ne3 Rd2 39. Rc7+ Kf6 0-1

[Event "January 2 Early 2024"]
[Site "https://www.chess.com"]
[Date "2024.01.02"]
[Round "9"]
[White "Quirke, Jeffrey"]
[Black "Merikard"]
[Result "0-1"]
[Board "145"]
[TimeControl "180+1"]
[WhiteFideId "2013029"]
[WhiteElo "2072"]
[BlackElo "2250"]
[WhiteTeam "USA"]
[WhiteClock "0:00:03"]
[BlackClock "0:00:32"]

1. e4 g6 2. d4 Bg7 3. c3 d6 4. Bd3 Nd7 5. Nf3 a6 6. a4 b6 7. O-O Bb7 8. Re1 e6 9. Nbd2 Ne7 10. Nf1 O-O 11. Ng3 c5 12. h4 Nf6 13. h5 Qc7 14. hxg6 hxg6 15. Bg5 Nh7 16. Be3 Rfd8 17. Qd2 Rac8 18. Qe2 Ra8 19. Nh2 Nc6 20. Nf3 Qc8 21. Rac1 Qd7 22. d5 exd5 23. exd5 Ne5 24. Nxe5 Bxe5 25. c4 Qxa4 26. f4 Bg7 27. f5 Qe8 28. fxg6 fxg6 29. Qg4 Nf6 30. Qxg6 Qxg6 31. Bxg6 Ng4 32. Nf5 Bxb2 33. Rc2 Be5 34. Bg5 Rf8 35. Rf1 Bc8 36. Ne7+ Kg7 37. Nxc8 Raxc8 38. Bh5 Bd4+ 0-1

[Event "January 2 Early 2024"]
[Site "https://www.chess.com"]
[Date "2024.01.02"]
[Round "9"]
[White "Tuleyeva-Aketayeva, Dana"]
[Black "Povshednyi, Ivan"]
[Result "1/2-1/2"]
[Board "146"]
[TimeControl "180+1"]
[WhiteFideId "13701932"]
[BlackFideId "14190907"]
[WhiteElo "2326"]
[BlackElo "2571"]
[WhiteTeam "KAZ"]
[BlackTeam "UKR"]
[WhiteClock "0:00:09"]
[BlackClock "0:00:17"]

1. d4 Nf6 2. Nf3 c5 3. g3 b6 4. Bg2 Bb7 5. O-O e6 6. c4 cxd4 7. Nxd4 Bxg2 8. Kxg2 Qc7 9. b3 Na6 10. Kg1 Qb7 11. Nb5 d5 12. cxd5 Nxd5 13. e4 Nf6 14. N1c3 Rd8 15. Qe2 Be7 16. Bg5 O-O 17. Rfd1 Nc5 18. Bxf6 Bxf6 19. e5 Be7 20. Rxd8 Rxd8 21. Rd1 Rxd1+ 22. Qxd1 h6 23. Nd6 Qd7 24. Ndb5 Qb7 25. Nd6 Qc6 26. Qd4 Qd7 27. Nce4 Bxd6 28. Nxc5 bxc5 29. Qd3 Kf8 30. exd6 f5 31. f4 Ke8 32. Kf2 Qc6 33. Ke3 Kd7 34. Qc3 Qxd6 35. Qxg7+ Kc8 36. Qxa7 Qd4+ 37. Ke2 Qe4+ 38. Kd2 Qd4+ 39. Kc2 Qf2+ 40. Kc3 Qe1+ 41. Kb2 Qd2+ 42. Ka3 Qb4+ 43. Kb2 Qd2+ 44. Kb1 Qxh2 45. Qxc5+ Kd7 46. Qa7+ Ke8 47. Qb8+ Kf7 48. Qc7+ Kg6 49. Qe7 Qg1+ 50. Kb2 Qf2+ 51. Kb1 Qe1+ 52. Kb2 Qd2+ 53. Kb1 Qd3+ 54. Kb2 Qd4+ 55. Kb1 Qg1+ 56. Kb2 Qf2+ 57. Kb1 Qe1+ 58. Kb2 Qd2+ 59. Kb1 Qd1+ 60. Kb2 Qd2+ 1/2-1/2

[Event "January 2 Early 2024"]
[Site "https://www.chess.com"]
[Date "2024.01.02"]
[Round "9"]
[White "Pesotskiy, Mikhail"]
[Black "Korol, Dimitry"]
[Result "1-0"]
[Board "147"]
[TimeControl "180+1"]
[WhiteFideId "34164453"]
[BlackFideId "14108003"]
[WhiteElo "2490"]
[BlackElo "2316"]
[WhiteTeam "RUS"]
[BlackTeam "UKR"]
[WhiteClock "0:01:33"]
[BlackClock "0:00:00"]

1. d4 Nf6 2. c4 c5 3. d5 b5 4. cxb5 a6 5. bxa6 Bxa6 6. Nc3 g6 7. Nf3 d6 8. e4 Bxf1 9. Kxf1 Bg7 10. g3 O-O 11. Kg2 Nbd7 12. a4 Qb8 13. Qc2 Qb4 14. Bd2 Nb6 15. Rhe1 Nc4 16. Rab1 Rfb8 17. e5 Ne8 18. exd6 exd6 19. Re4 Nf6 20. Rh4 Nd7 21. Nd1 Qxa4 22. Rxc4 Qa2 23. b3 Qxc2 24. Rxc2 Ne5 25. Nxe5 Bxe5 26. Ne3 Ra3 27. Nc4 Raxb3 28. Rxb3 Rxb3 29. Nxe5 dxe5 30. Rxc5 Kg7 31. Bc3 Kf6 32. f4 Kf5 33. fxe5 Ke4 34. d6 Rb1 35. Rc7 Rd1 36. Rxf7 h5 37. d7 h4 38. gxh4 Rd3 39. Ba5 Kxe5 40. d8=Q Rxd8 41. Bxd8 Ke6 42. Rf6+ Kd7 43. Rxg6 Kc8 44. h5 Kd7 45. h6 Kc8 46. h7 Kd7 47. h8=Q Kc8 48. Bh4+ Kb7 49. Qh7+ 1-0

[Event "January 2 Early 2024"]
[Site "https://www.chess.com"]
[Date "2024.01.02"]
[Round "9"]
[White "Kabanov, Nikolai"]
[Black "Kekic, Armin"]
[Result "1-0"]
[Board "148"]
[TimeControl "180+1"]
[WhiteFideId "4127820"]
[BlackFideId "14401274"]
[WhiteElo "2457"]
[BlackElo "2309"]
[WhiteTeam "RUS"]
[BlackTeam "BIH"]
[WhiteClock "0:00:13"]
[BlackClock "0:00:18"]

1. e4 c5 2. Nf3 e6 3. c3 d5 4. exd5 Qxd5 5. d4 Nc6 6. Be2 Nf6 7. Na3 cxd4 8. Nb5 Qd8 9. Nfxd4 Nxd4 10. Qxd4 a6 11. Qxd8+ Kxd8 12. Nd4 Bc5 13. Bf4 Nd5 14. Bg3 Bxd4 15. cxd4 Bd7 16. Rc1 Rc8 17. Kd2 Rxc1 18. Rxc1 Bc6 19. Be5 f6 20. Bg3 Kd7 21. h4 h6 22. h5 Ne7 23. f3 Nf5 24. Bf2 Rc8 25. g4 Nd6 26. a3 Bd5 27. Rc5 Nc4+ 28. Kc3 Rxc5 29. dxc5 Ne5 30. f4 Bf3 31. Bxf3 Nxf3 32. Kd3 Nh2 33. g5 Ng4 34. Bd4 e5 35. fxe5 fxe5 36. gxh6 gxh6 37. Be3 Ke6 38. b4 Kd5 39. Bd2 e4+ 40. Ke2 Kc4 41. Bc1 Kb3 42. Kf1 Kc2 43. Bf4 Kb2 44. a4 Kb3 45. b5 axb5 46. axb5 Nf6 47. c6 bxc6 48. bxc6 Nd5 49. c7 Ne7 50. Bxh6 Kc4 51. Bg5 1-0

[Event "January 2 Early 2024"]
[Site "https://www.chess.com"]
[Date "2024.01.02"]
[Round "9"]
[White "Pogorelskikh, Sofia"]
[Black "Morales Garcia, Sergio Joshafatt"]
[Result "0-1"]
[Board "149"]
[TimeControl "180+1"]
[WhiteFideId "44164548"]
[BlackFideId "5106249"]
[WhiteElo "2293"]
[BlackElo "2426"]
[WhiteTeam "SRB"]
[BlackTeam "MEX"]
[WhiteClock "0:00:00"]
[BlackClock "0:00:15"]

1. e4 c5 2. Nf3 e6 3. g3 d5 4. exd5 exd5 5. Bg2 Nc6 6. O-O Bg4 7. Re1+ Be7 8. d3 Nf6 9. h3 Bh5 10. g4 Bg6 11. Ne5 Nxe5 12. Rxe5 O-O 13. g5 Nd7 14. Rxd5 Qc7 15. Nc3 Nb6 16. Nb5 Qb8 17. c4 Nxd5 18. Bxd5 a6 19. Nc3 Qe5 20. Qf3 Bd6 21. Ne4 Be7 22. Rb1 Rad8 23. Bf4 Qd4 24. Kg2 Kh8 25. b3 Rxd5 26. cxd5 Qxd5 27. Rd1 Rd8 28. Bc7 Bxe4 29. dxe4 Qxd1 30. Bxd8 Qxf3+ 31. Kxf3 Bxd8 32. Kf4 Kg8 33. Kf5 Kf8 34. f4 Ke7 35. Ke5 Bc7+ 36. Kf5 b5 37. e5 g6+ 38. Ke4 Ke6 39. h4 Bb6 40. Kd3 Kf5 41. Ke3 c4+ 42. Kf3 cxb3 0-1

[Event "January 2 Early 2024"]
[Site "https://www.chess.com"]
[Date "2024.01.02"]
[Round "9"]
[White "Schuh, Karsten"]
[Black "Munoz Sanchez, Miguel"]
[Result "0-1"]
[Board "150"]
[TimeControl "180+1"]
[WhiteFideId "4637950"]
[BlackFideId "3600734"]
[WhiteElo "2356"]
[BlackElo "2301"]
[WhiteTeam "GER"]
[BlackTeam "ECU"]
[WhiteClock "0:00:16"]
[BlackClock "0:00:54"]

1. Nf3 Nf6 2. c4 g6 3. b4 Bg7 4. Bb2 O-O 5. g3 a5 6. b5 c5 7. bxc6 dxc6 8. Bg2 Nbd7 9. O-O Qc7 10. Nc3 Nc5 11. Ba3 Nfe4 12. Nxe4 Nxe4 13. Rc1 Rd8 14. Qc2 Bf5 15. d3 Nd6 16. Bb2 a4 17. Bxg7 Kxg7 18. Qb2+ Kg8 19. Nd4 Bc8 20. Rb1 Ra5 21. Rfd1 a3 22. Qc3 Ra6 23. Nb3 b6 24. c5 Nb5 25. Qc2 Be6 26. cxb6 Rxb6 27. e3 Bd5 28. Bxd5 Rxd5 29. d4 e5 30. dxe5 Qxe5 31. Rxd5 cxd5 32. Rd1 Nc3 33. Rd3 Ne4 34. Kg2 Kg7 35. f3 Qb2 0-1

[Event "January 2 Early 2024"]
[Site "https://www.chess.com"]
[Date "2024.01.02"]
[Round "9"]
[White "Borda Rodas, Anapaola S."]
[Black "Hartikainen, Jarmo"]
[Result "0-1"]
[Board "151"]
[TimeControl "180+1"]
[WhiteFideId "152781"]
[BlackFideId "503134"]
[WhiteElo "2349"]
[BlackElo "2151"]
[WhiteTeam "ARG"]
[BlackTeam "FIN"]
[WhiteClock "0:00:00"]
[BlackClock "0:00:16"]

1. e4 c5 2. Nf3 Nc6 3. d4 cxd4 4. Nxd4 Nf6 5. Nc3 d6 6. Be2 e5 7. Nf3 h6 8. O-O Be6 9. Nd2 d5 10. exd5 Nxd5 11. Nc4 Nxc3 12. bxc3 Be7 13. Rb1 Qc7 14. Be3 O-O 15. Qc1 Bf6 16. Qb2 b6 17. Na3 e4 18. Nb5 Qe5 19. Nd4 Na5 20. a4 Rac8 21. Rbd1 Bc4 22. Rfe1 Bxe2 23. Nxe2 Nc4 24. Qb5 Nxe3 25. fxe3 Qxb5 26. axb5 Bxc3 27. Rf1 Be5 28. Nd4 Bxd4 29. Rxd4 Rfd8 30. Rxe4 Rxc2 31. Re7 f6 32. Re4 Rdd2 33. Rg4 Kf7 34. e4 h5 35. Rg3 Rb2 0-1

[Event "January 2 Early 2024"]
[Site "https://www.chess.com"]
[Date "2024.01.02"]
[Round "9"]
[White "Espinoza Villanueva, Rodrigo"]
[Black "Alonso Garcia, Rene Marcial"]
[Result "1/2-1/2"]
[Board "152"]
[TimeControl "180+1"]
[WhiteFideId "5140188"]
[BlackFideId "3500276"]
[WhiteElo "2644"]
[BlackElo "2265"]
[WhiteTeam "MEX"]
[BlackTeam "FID"]
[WhiteClock "0:01:58"]
[BlackClock "0:02:10"]

1. Nf3 Nf6 2. g3 b6 3. Bg2 Bb7 4. O-O c5 5. c4 g6 6. b3 Bg7 7. Bb2 O-O 8. e3 Na6 9. Qe2 e6 10. Rd1 d5 11. cxd5 exd5 12. d4 Nb4 13. Nc3 Qe7 14. Rac1 Ba6 15. Qe1 Nd3 16. Qe2 Nb4 17. Qe1 Nd3 18. Qe2 Nb4 1/2-1/2

[Event "January 2 Early 2024"]
[Site "https://www.chess.com"]
[Date "2024.01.02"]
[Round "9"]
[White "Mezhlumyan, Vahram"]
[Black "Player, Edmund C"]
[Result "0-1"]
[Board "153"]
[TimeControl "180+1"]
[WhiteFideId "13302183"]
[BlackFideId "406520"]
[WhiteElo "2626"]
[BlackElo "2263"]
[WhiteTeam "ARM"]
[BlackTeam "ENG"]
[WhiteClock "0:00:00"]
[BlackClock "0:00:31"]

1. d4 Nf6 2. c4 e6 3. Nf3 Bb4+ 4. Bd2 a5 5. g3 O-O 6. Bg2 d5 7. O-O c6 8. Bg5 Be7 9. Nc3 h6 10. Bf4 dxc4 11. Ne5 Nd5 12. Nxc4 Nxf4 13. gxf4 Nd7 14. Ne5 Nxe5 15. fxe5 f6 16. Rc1 Qe8 17. Na4 Qh5 18. Nb6 Ra6 19. Nxc8 Rxc8 20. Qb3 c5 0-1

[Event "January 2 Early 2024"]
[Site "https://www.chess.com"]
[Date "2024.01.02"]
[Round "9"]
[White "Franchini, Gabriele"]
[Black "Dyulgerov, Volen"]
[Result "1-0"]
[Board "154"]
[TimeControl "180+1"]
[WhiteFideId "806790"]
[BlackFideId "2918978"]
[WhiteElo "2200"]
[BlackElo "2425"]
[WhiteTeam "ITA"]
[BlackTeam "BUL"]
[WhiteClock "0:00:51"]
[BlackClock "0:00:00"]

1. e4 c5 2. Nc3 d6 3. f4 Nf6 4. Nf3 Nc6 5. Bc4 e6 6. d4 cxd4 7. Nxd4 Qb6 8. Be3 Ng4 9. Qxg4 Qxb2 10. Kd2 Nxd4 11. Bxd4 e5 12. Bb5+ Kd8 13. Qh4+ Be7 14. Qf2 exd4 15. Qxd4 Bd7 16. a4 Re8 17. Rhb1 Bf6 18. Qxf6+ gxf6 19. Rxb2 Rc8 20. Bxd7 Kxd7 21. Nd5 Rxe4 22. Nxf6+ 1-0

[Event "January 2 Early 2024"]
[Site "https://www.chess.com"]
[Date "2024.01.02"]
[Round "9"]
[White "Musalov, Ruslan"]
[Black "Dargan, Paul A G"]
[Result "1-0"]
[Board "155"]
[TimeControl "180+1"]
[WhiteFideId "4141490"]
[BlackFideId "416762"]
[WhiteElo "2421"]
[BlackElo "2189"]
[WhiteTeam "RUS"]
[BlackTeam "ENG"]
[WhiteClock "0:01:25"]
[BlackClock "0:01:36"]

1. e4 c5 2. Nf3 g6 3. d4 cxd4 4. Nxd4 Bg7 5. Nc3 Nc6 6. Be3 Nf6 7. Bc4 O-O 8. Bb3 d5 9. exd5 Nb4 10. Nf3 b6 11. a3 Na6 12. O-O Bb7 13. Bd4 Nc7 14. Ne5 Ncxd5 15. Nxd5 Nxd5 16. Qg4 Nf6 17. Qf4 Qc7 18. Nxg6 hxg6 19. Qxc7 1-0

[Event "January 2 Early 2024"]
[Site "https://www.chess.com"]
[Date "2024.01.02"]
[Round "9"]
[White "Khromkin, Andrey"]
[Black "Gutierrez Carmona, Juan Alejandro"]
[Result "1-0"]
[Board "156"]
[TimeControl "180+1"]
[WhiteFideId "4154126"]
[BlackFideId "5106770"]
[WhiteElo "2384"]
[BlackElo "2203"]
[WhiteTeam "RUS"]
[BlackTeam "MEX"]
[WhiteClock "0:01:25"]
[BlackClock "0:00:00"]

1. d4 d5 2. c4 e6 3. Nc3 Nf6 4. Bg5 Be7 5. e3 O-O 6. Nf3 dxc4 7. Bxc4 a6 8. Qc2 h6 9. Bh4 b5 10. Bd3 Bb7 11. Bxf6 Bxf6 12. Be4 Bxe4 13. Nxe4 Be7 14. O-O Bd6 15. Rac1 Ra7 16. Rfd1 Re8 17. Ne5 Qh4 18. g3 Qh5 19. Nc6 Rb7 20. Rd2 Qd5 21. Na5 Rb6 22. Nc5 Qxa2 23. b4 Qd5 24. Qb2 h5 25. e4 Qg5 26. e5 Bf8 27. Qc3 h4 28. Qe3 Qg6 29. Qe4 Qg5 30. f4 Qg4 31. Qe2 Qg6 32. Kg2 hxg3 33. hxg3 Nc6 34. Nd7 Nxb4 35. Nxb6 cxb6 36. Nc6 Nd5 37. Qd3 Qg4 38. Rh1 g6 39. Qf3 1-0

[Event "January 2 Early 2024"]
[Site "https://www.chess.com"]
[Date "2024.01.02"]
[Round "9"]
[White "Agrest, Inna"]
[Black "Gottstein, Claudius-Thomas"]
[Result "0-1"]
[Board "157"]
[TimeControl "180+1"]
[WhiteFideId "1708830"]
[BlackFideId "4653327"]
[WhiteElo "2369"]
[BlackElo "2187"]
[WhiteTeam "SWE"]
[BlackTeam "GER"]
[WhiteClock "0:00:00"]
[BlackClock "0:00:06"]

1. e4 Nf6 2. e5 Nd5 3. d4 d6 4. c4 Nb6 5. exd6 cxd6 6. Nf3 g6 7. Nc3 Bg7 8. Be3 O-O 9. Rc1 Bg4 10. b3 e6 11. h3 Bxf3 12. Qxf3 Nc6 13. Rd1 d5 14. c5 Nd7 15. Ne2 b6 16. cxb6 Qxb6 17. g3 Rac8 18. Bg2 Qa5+ 19. Rd2 Nb4 20. O-O Nf6 21. a4 Ne4 22. Rdd1 Nc3 23. Nxc3 Rxc3 24. h4 Nc6 25. Qf4 Rc8 26. h5 Qc7 27. hxg6 hxg6 28. Qh4 Ne7 29. Bg5 Nf5 30. Qg4 Nh6 31. Qh3 Nf5 32. Rc1 Nxd4 33. Qg4 Nf5 34. Rxc3 Bxc3 35. Rc1 Qe5 36. Bf3 d4 37. Bf4 Qa5 38. Qh3 Kg7 39. Be4 f6 40. Bxf5 exf5 41. Qh6+ Kf7 42. Qh7+ Ke6 43. Qxg6 Qd5 44. Qg7 Qe4 45. Qxa7 Rh8 46. Qb6+ Kf7 47. Qc7+ Kg6 48. f3 Qxf3 0-1

[Event "January 2 Early 2024"]
[Site "https://www.chess.com"]
[Date "2024.01.02"]
[Round "9"]
[White "Tagliati, Eleonore"]
[Black "Lima, Artur Tin Lun Dai"]
[Result "0-1"]
[Board "158"]
[TimeControl "180+1"]
[WhiteFideId "45172234"]
[BlackFideId "22773150"]
[WhiteElo "2180"]
[BlackElo "2339"]
[WhiteTeam "FRA"]
[BlackTeam "BRA"]
[WhiteClock "0:01:54"]
[BlackClock "0:02:23"]

1. e4 d6 2. d4 Nf6 3. Nc3 e5 4. Nf3 Nbd7 5. Rg1 h5 6. Bg5 Be7 7. h4 c6 8. Qd2 b6 9. O-O-O Qc7 10. a3 Bb7 11. Bc4 b5 12. Bb3 a5 13. d5 b4 14. dxc6 Bxc6 15. Nd5 Bxd5 16. exd5 bxa3 17. bxa3 Qc5 18. Bxf6 Qxa3+ 19. Kb1 Nxf6 20. Qc1 Qb4 21. Nd2 a4 0-1

[Event "January 2 Early 2024"]
[Site "https://www.chess.com"]
[Date "2024.01.02"]
[Round "9"]
[White "Pavlidou, Ekaterini"]
[Black "Thiel, Thomas"]
[Result "0-1"]
[Board "159"]
[TimeControl "180+1"]
[WhiteFideId "4213262"]
[BlackFideId "4615964"]
[WhiteElo "2336"]
[BlackElo "2177"]
[WhiteTeam "GRE"]
[BlackTeam "GER"]
[WhiteClock "0:01:42"]
[BlackClock "0:01:59"]

1. d4 d5 2. c4 dxc4 3. e3 e5 4. Bxc4 Nc6 5. Nf3 e4 6. Nfd2 Qg5 7. Nxe4 Qxg2 8. Ng3 Qh3 9. Nc3 Bd6 10. Nce4 Bg4 11. Nxd6+ cxd6 12. Qb3 O-O-O 13. Bd5 Nge7 14. Bxf7 Kb8 15. Bd2 h5 16. Rc1 h4 17. Ne2 Qf3 18. Kd1 Qxe2+ 19. Kc2 Bf5+ 0-1

[Event "January 2 Early 2024"]
[Site "https://www.chess.com"]
[Date "2024.01.02"]
[Round "9"]
[White "Gerbelli Neto, Eduardo"]
[Black "Jing, Andrew"]
[Result "1-0"]
[Board "160"]
[TimeControl "180+1"]
[WhiteFideId "2103281"]
[BlackFideId "30984076"]
[WhiteElo "2332"]
[BlackElo "2147"]
[WhiteTeam "BRA"]
[BlackTeam "USA"]
[WhiteClock "0:01:46"]
[BlackClock "0:02:10"]

1. e4 c5 2. Nc3 d6 3. f4 Nc6 4. Nf3 f6 5. Bc4 e6 6. d4 cxd4 7. Nxd4 Nxd4 8. Qxd4 Nh6 9. O-O Nf7 10. f5 e5 11. Qd3 Be7 12. Bxf7+ Kxf7 13. Qd5+ Kf8 14. Be3 Bd7 15. Qxb7 Rb8 16. Qxa7 Rxb2 17. Nd5 Rxc2 18. Rab1 Kf7 19. Rb7 Qa8 20. Rxd7 Qxa7 21. Rxa7 Rb8 22. Rxe7+ Kf8 23. Rc7 Rxa2 24. Rfc1 1-0

[Event "January 2 Early 2024"]
[Site "https://www.chess.com"]
[Date "2024.01.02"]
[Round "9"]
[White "Mesa Cruz, Juan Carlos"]
[Black "Novikova, Margarita"]
[Result "0-1"]
[Board "161"]
[TimeControl "180+1"]
[WhiteFideId "6423400"]
[BlackFideId "14109689"]
[WhiteElo "2298"]
[BlackElo "2123"]
[WhiteTeam "DOM"]
[BlackTeam "GER"]
[WhiteClock "0:00:00"]
[BlackClock "0:00:51"]

1. e4 e5 2. Nf3 Nc6 3. Bc4 Bc5 4. c3 Nf6 5. d3 d5 6. exd5 Nxd5 7. b4 Bb6 8. a4 a6 9. Nbd2 O-O 10. Ne4 h6 11. O-O Kh8 12. Re1 f5 13. Ng3 Nxc3 14. Qb3 e4 15. dxe4 Nxe4 16. Be3 Bxe3 17. Qxe3 Nd6 18. Bd5 f4 19. Qd2 fxg3 20. Bxc6 gxf2+ 21. Kxf2 bxc6 22. Kg1 Bg4 23. Ne5 Bf5 24. Nxc6 Qg5 25. Qc3 Rfe8 26. Ne5 Be4 27. Rxe4 Nxe4 28. Nf7+ Kg8 29. Qc4 Qe3+ 0-1

[Event "January 2 Early 2024"]
[Site "https://www.chess.com"]
[Date "2024.01.02"]
[Round "9"]
[White "Subramanian, Anusha"]
[Black "Limontaite, Simona"]
[Result "0-1"]
[Board "162"]
[TimeControl "180+1"]
[WhiteFideId "477710"]
[BlackFideId "12802506"]
[WhiteElo "2120"]
[BlackElo "2289"]
[WhiteTeam "ENG"]
[BlackTeam "LTU"]
[WhiteClock "0:00:06"]
[BlackClock "0:01:07"]

1. e4 c5 2. Nf3 Nc6 3. d4 cxd4 4. Nxd4 Nf6 5. Nc3 e5 6. Nb3 Bb4 7. f3 d5 8. exd5 Bxc3+ 9. bxc3 Qxd5 10. Qxd5 Nxd5 11. Bd2 O-O 12. Bc4 Rd8 13. Kf2 b6 14. Rad1 Bb7 15. Bg5 Nde7 16. Rhe1 Kf8 17. Bxe7+ Kxe7 18. f4 Rxd1 19. Rxd1 exf4 20. Nd4 g6 21. h4 Ne5 22. Bb3 Ng4+ 23. Kg1 Rc8 24. Re1+ Ne3 25. Nb5 a6 26. Nd4 Rxc3 27. Ne2 Nxg2 28. Rd1 Re3 29. Kf2 Nxh4 30. Nxf4 Rf3+ 31. Ke2 Rxf4 32. Rd3 Re4+ 33. Kd2 f5 34. Rc3 Rd4+ 35. Ke3 Rd7 36. Bg8 Kf6 37. Kf4 g5+ 38. Kg3 h5 39. Re3 f4+ 40. Kf2 fxe3+ 41. Kxe3 g4 42. Bb3 g3 43. Kf4 g2 44. Kg3 g1=Q+ 45. Kxh4 Qg4# 0-1

[Event "January 2 Early 2024"]
[Site "https://www.chess.com"]
[Date "2024.01.02"]
[Round "9"]
[White "Brandao, Marcius Gomes"]
[Black "Eggleston, Thomas A"]
[Result "1-0"]
[Board "163"]
[TimeControl "180+1"]
[WhiteFideId "2124980"]
[BlackFideId "412139"]
[WhiteElo "2071"]
[BlackElo "2278"]
[WhiteTeam "BRA"]
[BlackTeam "ENG"]
[WhiteClock "0:00:10"]
[BlackClock "0:00:00"]

1. d4 e6 2. c4 f5 3. g3 Nf6 4. Bg2 Be7 5. Nf3 O-O 6. O-O d6 7. b3 Ne4 8. Bb2 Bf6 9. Nbd2 c5 10. e3 Nc6 11. a3 Qe8 12. Qc2 Nxd2 13. Qxd2 e5 14. dxe5 dxe5 15. Qd5+ Be6 16. Qxc5 e4 17. Nd4 Ne5 18. Nxe6 Qxe6 19. Bxe5 Bxe5 20. Rad1 Kh8 21. Rd5 Rfe8 22. Rfd1 Bc3 23. Rxf5 Rac8 24. Qd5 Qe7 25. Qd6 Qxd6 26. Rxd6 Rcd8 27. Rfd5 Rc8 28. a4 h6 29. Rd7 Rb8 30. Rc7 a5 31. Rdd7 b6 32. Re7 Rxe7 33. Rxe7 Rd8 34. Rxe4 Rd1+ 35. Bf1 Rb1 36. Re8+ Kh7 37. Rb8 Kg6 38. Rxb6+ Kg5 39. Kg2 Bb4 40. Rb5+ Kf6 41. c5 Rxb3 42. c6 Rc3 43. Rb6 Ke7 44. Bb5 Kd8 45. Rb7 1-0

[Event "January 2 Early 2024"]
[Site "https://www.chess.com"]
[Date "2024.01.02"]
[Round "9"]
[White "VictMin"]
[Black "Minina, Veronika"]
[Result "0-1"]
[Board "164"]
[TimeControl "180+1"]
[BlackFideId "4174780"]
[WhiteElo "2032"]
[BlackElo "2277"]
[BlackTeam "RUS"]
[WhiteClock "0:00:00"]
[BlackClock "0:00:18"]

1. Nf3 Nf6 2. d4 g6 3. Bg5 Bg7 4. Nbd2 O-O 5. e4 c5 6. c3 cxd4 7. cxd4 d6 8. Bd3 Nc6 9. O-O Qb6 10. Nc4 Qd8 11. h3 d5 12. exd5 Qxd5 13. Ne3 Qd8 14. Bc4 Ne4 15. Bh4 h6 16. Qd3 Nd6 17. Bb3 Nf5 18. Nxf5 Bxf5 19. Qb5 Nxd4 20. Nxd4 Qxd4 21. Bxe7 Rfb8 22. Rad1 Qxb2 23. Bd6 Rd8 24. Qxb7 Be6 25. Bc7 Re8 26. Qc6 Bxb3 27. axb3 Qxb3 28. Rd7 Qe6 0-1

[Event "January 2 Early 2024"]
[Site "https://www.chess.com"]
[Date "2024.01.02"]
[Round "9"]
[White "Cornelison, Paul"]
[Black "Cardozo Munar, Carlos Eduardo"]
[Result "0-1"]
[Board "165"]
[TimeControl "180+1"]
[WhiteFideId "2004186"]
[BlackFideId "4409477"]
[WhiteElo "1968"]
[BlackElo "2273"]
[WhiteTeam "USA"]
[BlackTeam "COL"]
[WhiteClock "0:01:38"]
[BlackClock "0:02:38"]

1. e4 e6 2. d4 d5 3. Nc3 Nf6 4. Bg5 Be7 5. e5 Nfd7 6. Bxe7 Qxe7 7. f4 O-O 8. Nf3 c5 9. Qd2 Nc6 10. g4 Nxd4 11. Nxd4 cxd4 12. Qxd4 a6 13. O-O-O b5 14. Bd3 Bb7 15. Rhg1 Rfc8 16. Kb1 Nc5 17. f5 Nxd3 18. Rxd3 Rc4 19. Qf2 Rac8 20. f6 Qc5 21. Qg3 d4 22. Ne4 Bxe4 23. Rd2 Rxc2 0-1

[Event "January 2 Early 2024"]
[Site "https://www.chess.com"]
[Date "2024.01.02"]
[Round "9"]
[White "Blanco Diez, David"]
[Black "Winkels, Marcel"]
[Result "1-0"]
[Board "166"]
[TimeControl "180+1"]
[WhiteFideId "32032927"]
[BlackFideId "1003887"]
[WhiteElo "2403"]
[BlackElo "2015"]
[WhiteTeam "ESP"]
[BlackTeam "NED"]
[WhiteClock "0:00:45"]
[BlackClock "0:00:52"]

1. e4 c5 2. c3 Nf6 3. e5 Nd5 4. d4 Nc6 5. Nf3 d6 6. Bc4 dxe5 7. dxe5 e6 8. O-O Be7 9. Nbd2 O-O 10. Ne4 Nb6 11. Bb3 Qxd1 12. Rxd1 Na5 13. Bc2 Bd7 14. Be3 Rac8 15. b4 cxb4 16. Bxb6 axb6 17. Rxd7 Rfe8 18. cxb4 Nc6 19. Ba4 Bxb4 20. Rxb7 Ba5 21. Nd6 Rb8 22. Rxb8 Rxb8 23. Bxc6 b5 24. Bxb5 Bb4 25. Nd4 Bc5 26. Nc6 Rb6 27. a4 Bd4 28. Nxd4 1-0

[Event "January 2 Early 2024"]
[Site "https://www.chess.com"]
[Date "2024.01.02"]
[Round "9"]
[White "Sava, Christiansen-Danut-Eugen"]
[Black "Tilahun , Abel Mathewos"]
[Result "1-0"]
[Board "167"]
[TimeControl "180+1"]
[WhiteFideId "1210114"]
[BlackFideId "15702391"]
[WhiteElo "2229"]
[BlackElo "2066"]
[WhiteTeam "ROU"]
[BlackTeam "ETH"]
[WhiteClock "0:01:09"]
[BlackClock "0:00:00"]

1. d4 d5 2. c4 e6 3. Nf3 Nf6 4. g3 Be7 5. Bg2 O-O 6. O-O dxc4 7. Qa4 a6 8. Qxc4 b5 9. Qc2 Bb7 10. Bd2 Nbd7 11. Ba5 Nb6 12. Nbd2 Rc8 13. Qd3 c5 14. dxc5 Qxd3 15. exd3 Bxc5 16. b4 Bxf3 17. Nxf3 Na4 18. bxc5 Nxc5 19. d4 Na4 20. Rac1 Nd5 21. Ne5 b4 22. Bxd5 exd5 23. Bxb4 Rfd8 24. Bc5 Re8 25. Rfe1 f6 26. Nd3 Re4 27. Rxe4 dxe4 28. Nb4 a5 29. Nd5 Kf7 30. Nc3 Nb2 31. Nxe4 Ke6 32. Nc3 Nd3 33. Rd1 Nb2 34. Re1+ Kf7 35. Nd5 Nd3 36. Re7+ Kg6 37. Nb6 Rb8 38. h4 a4 39. Nxa4 Rb1+ 40. Kg2 Ra1 41. Nc3 Rc1 42. Nd5 Rc2 43. Nf4+ Nxf4+ 44. gxf4 1-0

[Event "January 2 Early 2024"]
[Site "https://www.chess.com"]
[Date "2024.01.02"]
[Round "9"]
[White "Montano Vicente, Guadalupe"]
[Black "Refrigerator1955"]
[Result "0-1"]
[Board "168"]
[TimeControl "180+1"]
[WhiteFideId "5181399"]
[WhiteElo "2177"]
[BlackElo "2016"]
[WhiteTeam "MEX"]
[WhiteClock "0:00:03"]
[BlackClock "0:00:39"]

1. d4 d5 2. c4 c6 3. cxd5 cxd5 4. Nc3 Nc6 5. Bf4 Nf6 6. e3 Bf5 7. Qb3 Na5 8. Bb5+ Bd7 9. Qa4 Nc6 10. Qb3 a6 11. Be2 e6 12. Nf3 Be7 13. O-O O-O 14. h3 b5 15. Bh2 Rc8 16. Ne5 Na5 17. Qd1 Nc4 18. Rb1 Nxb2 19. Rxb2 Rxc3 20. a4 Qb6 21. Nxd7 Nxd7 22. axb5 a5 23. Ra2 Bb4 24. Qa4 Rfc8 25. Bg3 Qb7 26. Raa1 h6 27. Qa2 Rc2 28. Qa4 Rxe2 0-1